[Event "2023 Norbert Muller Cup (Division D)"]
[Site "Woodvale, Perth WA AUS"]
[Date "2023.11.01"]
[Round "4"]
[White "Nel, Kevin"]
[Black "May, Wendy"]
[Result "1-0"]
[ECO "C55"]
[WhiteElo "1147"]
[BlackElo "875"]
[PlyCount "81"]
[EventDate "2023.10.11"]
[EventType "swiss"]
[EventRounds "7"]
[EventCountry "AUS"]
[TimeControl "3600+30"]

1. e4 e5 2. Nf3 Nc6 3. Bc4 Nf6 4. d4 Nxe4 5. O-O d5 6. Bb5 a6 7. Bxc6+ bxc6 8.
Nxe5 Be7 9. Qh5 g6 10. Qf3 f6 11. Nxc6 Qd6 12. Nxe7 Qxe7 13. Re1 f5 14. Nc3 Qb4
15. Be3 O-O 16. Nxd5 Qd6 17. c4 Qe6 18. Nxc7 Qc6 19. Nxa8 Qxa8 20. h4 Be6 21.
d5 Bd7 22. b3 f4 23. Bxf4 Bf5 24. Rad1 Nc5 25. h5 Rd8 26. hxg6 hxg6 27. g4 Be4
28. Rxe4 Nxe4 29. Qxe4 Kg7 30. Qe7+ Kg8 31. Be5 Rd7 32. Qxd7 Qf8 33. Rd3 Qf7
34. Qd8+ Qf8 35. Qh4 Kf7 36. Rf3+ Ke8 37. Rxf8+ Kxf8 38. Qf6+ Ke8 39. Bd6 Kd7
40. Qe7+ Kc8 41. Qc7# 1-0

[Event "2023 Norbert Muller Cup (Division A)"]
[Site "Woodvale, Perth WA AUS"]
[Date "2023.11.22"]
[Round "5"]
[White "Clarke, Daniel"]
[Black "Maris, Rob"]
[Result "0-1"]
[ECO "B84"]
[WhiteElo "1928"]
[BlackElo "2099"]
[PlyCount "56"]
[EventDate "2023.10.11"]
[EventType "tourn"]
[EventRounds "7"]
[EventCountry "AUS"]
[TimeControl "3600+30"]

1. e4 c5 2. Nf3 Nc6 3. d4 cxd4 4. Nxd4 Nf6 5. Nc3 d6 6. Be3 e6 7. Be2 Be7 8.
O-O a6 9. f4 Qc7 10. Qe1 Nd7 11. Nb3 b5 12. Bf3 Bb7 13. Qg3 O-O 14. Rad1 Rac8
15. e5 dxe5 16. Bxc6 Bxc6 17. fxe5 Nxe5 18. Bf4 Qb6+ 19. Be3 Qc7 20. Bf4 f6 21.
Rfe1 Bd6 22. Kh1 Rfe8 23. Ne4 Bxe4 24. Rxe4 Qxc2 25. Red4 Bb8 26. Rc1 Qxb2 27.
Rxc8 Rxc8 28. Rd2 Rc1+ 0-1

[Event "2023 Norbert Muller Cup (Division A)"]
[Site "Woodvale, Perth WA AUS"]
[Date "2023.11.08"]
[Round "5"]
[White "Plaganyi, Gyula"]
[Black "Gibson, Jacob"]
[Result "1-0"]
[ECO "D00"]
[WhiteElo "1990"]
[WhiteTitle "CM"]
[BlackElo "2018"]
[PlyCount "75"]
[EventDate "2023.10.11"]
[EventType "tourn"]
[EventRounds "7"]
[EventCountry "AUS"]
[TimeControl "3600+30"]

1. d4 d5 2. Bf4 Nf6 3. e3 c5 4. Nd2 Qb6 5. dxc5 Qxb2 6. Ngf3 Qc3 7. Bb5+ Bd7 8.
Rb1 Nc6 9. Bxc6 Bxc6 10. O-O Qxc5 11. Re1 e6 12. Ne5 Be7 13. Nb3 Qc3 14. Nd4
Rc8 15. Rb3 Qc5 16. Qd3 O-O 17. Reb1 Nh5 18. Ndxc6 bxc6 19. Nd7 Nxf4 20. exf4
Qa5 21. Nxf8 Rxf8 22. Qc3 Qa6 23. g3 h6 24. Rb8 Bd6 25. Rxf8+ Kxf8 26. Qb3 Kg8
27. a4 Bc7 28. Rd1 Bb6 29. Rd2 Qa5 30. Re2 Qa6 31. Re5 Qa5 32. c3 Qc5 33. Re2
Kh8 34. Qb4 Qxb4 35. cxb4 c5 36. a5 c4 37. axb6 axb6 38. Kf1 1-0

[Event "2023 Norbert Muller Cup (Division A)"]
[Site "Woodvale, Perth WA AUS"]
[Date "2023.11.08"]
[Round "5"]
[White "Saxon, Marc"]
[Black "Curthoys, Edward"]
[Result "0-1"]
[ECO "B13"]
[WhiteElo "2047"]
[BlackElo "1934"]
[PlyCount "56"]
[EventDate "2023.10.11"]
[EventType "tourn"]
[EventRounds "7"]
[EventCountry "AUS"]
[TimeControl "3600+30"]

1. e4 c6 2. d4 d5 3. exd5 cxd5 4. Bd3 Nf6 5. c3 Nc6 6. Bf4 e6 7. Nf3 Bd6 8. Ne5
Qc7 9. Bb5 O-O 10. Bxc6 bxc6 11. Bg3 Ne4 12. f4 Ba6 13. Nd2 f6 14. Nxe4 dxe4
15. Qb3 fxe5 16. Qxe6+ Kh8 17. fxe5 Qb6 18. Qb3 Be7 19. Qxb6 axb6 20. b3 Bd3
21. c4 Bb4+ 22. Kd1 Bc3 23. Rc1 Bb2 24. d5 cxd5 25. cxd5 Bxc1 26. Kxc1 Rxa2 27.
Re1 Rc8+ 28. Kd1 Rcc2 0-1

[Event "2023 Norbert Muller Cup (Division A)"]
[Site "Woodvale, Perth WA AUS"]
[Date "2023.11.22"]
[Round "5"]
[White "Janceski, Alex"]
[Black "Wolstencroft, Alan"]
[Result "1/2-1/2"]
[ECO "E67"]
[WhiteElo "1878"]
[BlackElo "1865"]
[PlyCount "44"]
[EventDate "2023.10.11"]
[EventType "tourn"]
[EventRounds "7"]
[EventCountry "AUS"]
[TimeControl "3600+30"]

1. d4 Nf6 2. c4 g6 3. b3 Bg7 4. Bb2 O-O 5. g3 d6 6. Bg2 c6 7. Nf3 Nbd7 8. O-O
Re8 9. Nc3 e5 10. dxe5 dxe5 11. Qc2 Qe7 12. e3 Nh5 13. Rad1 f5 14. Rfe1 e4 15.
Nd2 Nhf6 16. Ne2 Ne5 17. Bxe5 Qxe5 18. Nf1 Be6 19. Rd2 Rad8 20. Red1 Rxd2 21.
Qxd2 Bf8 22. h3 Be7 1/2-1/2

[Event "2023 Norbert Muller Cup (Division B)"]
[Site "Woodvale, Perth WA AUS"]
[Date "2023.11.09"]
[Round "5"]
[White "Leonhardt, Wolfgang"]
[Black "Michael, Ashley"]
[Result "1/2-1/2"]
[ECO "C47"]
[WhiteElo "1760"]
[BlackElo "1563"]
[PlyCount "46"]
[EventDate "2023.10.11"]
[EventType "tourn"]
[EventRounds "7"]
[EventCountry "AUS"]
[TimeControl "3600+30"]

{Played away from club} 1. e4 e5 2. Nf3 Nf6 3. Nc3 Bc5 4. h3 Nc6 5. d3 d6 6.
Na4 O-O 7. Nxc5 dxc5 8. Be3 Qe7 9. Be2 Rd8 10. Qc1 Nd4 11. Bd1 b6 12. O-O Ba6
13. Nd2 h6 14. f4 exf4 15. Bxf4 Ne6 16. Bg3 Nd4 17. e5 Nd5 18. Nf3 Bb7 19. Nxd4
cxd4 20. Bh5 Rf8 21. Bf4 Nxf4 22. Qxf4 c5 23. Rf2 f5 1/2-1/2

[Event "2023 Norbert Muller Cup (Division B)"]
[Site "Woodvale, Perth WA AUS"]
[Date "2023.11.22"]
[Round "5"]
[White "Bhatia, Abhay"]
[Black "Gough, Dylan"]
[Result "1/2-1/2"]
[ECO "B10"]
[WhiteElo "1745"]
[BlackElo "1823"]
[PlyCount "61"]
[EventDate "2023.10.11"]
[EventType "tourn"]
[EventRounds "7"]
[EventCountry "AUS"]
[TimeControl "3600+30"]

1. e4 c6 2. e5 d6 3. exd6 exd6 4. d4 Nf6 5. Bg5 Be7 6. Nf3 O-O 7. Be2 Bf5 8.
O-O h6 9. Bf4 Nd5 10. Bg3 Qb6 11. b3 Nb4 12. Na3 d5 13. c3 N4a6 14. b4 Qd8 15.
Re1 b5 16. Ne5 f6 17. Bg4 fxe5 18. Bxe5 Qd7 19. Bxf5 Qxf5 20. Bxb8 Bxb4 21. Bg3
Bxa3 22. Re5 Qf7 23. Qg4 Rae8 24. Rae1 Rxe5 25. Rxe5 Re8 26. h3 b4 27. Rxe8+
Qxe8 28. Be5 Qf8 29. Qe6+ Kh8 30. Qxh6+ Kg8 31. Qe6+ 1/2-1/2

[Event "2023 Norbert Muller Cup (Division B)"]
[Site "Woodvale, Perth WA AUS"]
[Date "2023.11.08"]
[Round "5"]
[White "Balavignan, Ashvin"]
[Black "Weijermars, Tristan"]
[Result "1-0"]
[ECO "D45"]
[WhiteElo "1683"]
[BlackElo "1575"]
[PlyCount "74"]
[EventDate "2023.10.11"]
[EventType "tourn"]
[EventRounds "7"]
[EventCountry "AUS"]
[TimeControl "3600+30"]

1. d4 d5 2. c4 e6 3. Nc3 Nf6 4. e3 c6 5. Nf3 Nbd7 6. Be2 Bd6 7. O-O O-O 8. Qc2
e5 9. cxd5 exd4 10. Nxd4 cxd5 11. Bf3 Ne5 12. h3 Nxf3+ 13. Nxf3 Qe7 14. Rd1 Be6
15. Nd4 Rac8 16. Qd3 a6 17. b3 Ba3 18. Bxa3 Qxa3 19. Nce2 Rc7 20. Nf4 Re8 21.
Qf1 g5 22. Nfxe6 fxe6 23. Qd3 e5 24. Nf5 Rec8 25. Nh6+ Kg7 26. Qf5 Qe7 27.
Qxg5+ Kh8 28. Nf5 Qf8 29. Ng3 Re8 30. Rdc1 Rg7 31. Qf5 Rf7 32. Qc2 d4 33. exd4
exd4 34. Qd3 Qb4 35. Rc4 Re1+ 36. Kh2 Qe7 37. Rxe1 Qxe1 1-0

[Event "2023 Norbert Muller Cup (Division B)"]
[Site "Woodvale, Perth WA AUS"]
[Date "2023.11.08"]
[Round "5"]
[White "Oswald, Franz"]
[Black "Browning, Thomas"]
[Result "1-0"]
[ECO "D55"]
[WhiteElo "1678"]
[BlackElo "1651"]
[PlyCount "97"]
[EventDate "2023.10.11"]
[EventType "tourn"]
[EventRounds "7"]
[EventCountry "AUS"]
[TimeControl "3600+30"]

1. d4 d5 2. c4 e6 3. Nc3 Nf6 4. Bg5 c5 5. e3 Be7 6. Nf3 O-O 7. cxd5 exd5 8.
dxc5 Bg4 9. h3 Bxf3 10. Qxf3 Ne4 11. Bxe7 Qxe7 12. Nxd5 Qe5 13. Rd1 Nc6 14. Qf4
Rad8 15. Qxe5 Nxe5 16. Be2 Nxc5 17. O-O b6 18. Nc3 Ng6 19. Rxd8 Rxd8 20. Rd1
Rxd1+ 21. Nxd1 a5 22. Nc3 Ne7 23. g4 f6 24. f3 Kf8 25. Kf2 h6 26. e4 g6 27. Ke3
Ke8 28. Bb5+ Kd8 29. f4 Kc7 30. h4 Kd6 31. Bc4 g5 32. hxg5 hxg5 33. Nd5 Nxd5+
34. Bxd5 gxf4+ 35. Kxf4 Ke7 36. Bc4 Na4 37. b3 Nc3 38. a4 Nb1 39. e5 fxe5+ 40.
Kxe5 Nd2 41. Bd5 Nf1 42. g5 Ng3 43. Bf3 Kf7 44. Kd6 Nf5+ 45. Kc7 b5 46. axb5
Nd4 47. Bd5+ Kg6 48. Bc4 Kxg5 49. b6 1-0

[Event "2023 Norbert Muller Cup (Division C)"]
[Site "Woodvale, Perth WA AUS"]
[Date "2023.11.08"]
[Round "5"]
[White "Sethuraman, Jaswanth Ram"]
[Black "Hintz, Steven"]
[Result "1/2-1/2"]
[ECO "B13"]
[WhiteElo "1298"]
[BlackElo "1553"]
[PlyCount "63"]
[EventDate "2023.10.11"]
[EventType "tourn"]
[EventRounds "7"]
[EventCountry "AUS"]
[TimeControl "3600+30"]

1. e4 c6 2. Nf3 d5 3. exd5 cxd5 4. d4 Bg4 5. Be2 e6 6. Bf4 Nf6 7. Ne5 Bxe2 8.
Qxe2 Bd6 9. Bg5 O-O 10. O-O h6 11. Bh4 Be7 12. Nd2 Nc6 13. Ndf3 Ne4 14. Nxc6
bxc6 15. Bxe7 Qxe7 16. Ne5 c5 17. c3 cxd4 18. cxd4 Rfc8 19. f3 Nd6 20. Rac1
Rxc1 21. Rxc1 Qb7 22. b3 Rc8 23. Qd2 Rxc1+ 24. Qxc1 Qb6 25. Qc5 Qa6 26. a4 Qe2
27. h3 Qe1+ 28. Kh2 Nf5 29. Qxa7 Qg3+ 30. Kg1 Qe1+ 31. Kh2 Qg3+ 32. Kg1 1/2-1/2

[Event "2023 Norbert Muller Cup (Division C)"]
[Site "Woodvale, Perth WA AUS"]
[Date "2023.11.02"]
[Round "5"]
[White "Massam, Justin"]
[Black "Boswarva, Ernest"]
[Result "0-1"]
[ECO "D51"]
[WhiteElo "1542"]
[BlackElo "1537"]
[PlyCount "76"]
[EventDate "2023.10.11"]
[EventType "tourn"]
[EventRounds "7"]
[EventCountry "AUS"]
[TimeControl "3600+30"]

{Game played at Warwick Chess Club} 1. d4 d5 2. c4 c6 3. Nf3 Nf6 4. Nc3 e6 5.
Bg5 Nbd7 6. c5 h6 7. Bh4 g5 8. Bg3 Nh5 9. e3 Nxg3 10. hxg3 Bg7 11. Nd2 e5 12.
dxe5 Nxe5 13. f4 Bg4 14. Qb3 d4 15. exd4 Qxd4 16. fxe5 Bxe5 17. Nce4 O-O-O 18.
Qc3 Qxc3 19. bxc3 Rhe8 20. Kf2 Bxc3 21. Nxc3 Rxd2+ 22. Be2 Bxe2 23. Ke1 Rc2 24.
Rxh6 Rxc3 25. Kd2 Rxc5 26. Re1 Rd5+ 27. Kc3 Re3+ 28. Kb2 Rd2+ 29. Kc1 Rxa2 30.
Rd6 Ra1+ 31. Kd2 Rxe1 32. Kxe1 Bc4+ 33. Kf2 Re6 34. Rd4 Bd5 35. g4 Re4 36. Rd3
Rxg4 37. g3 a5 38. Re3 Kd7 0-1

[Event "2023 Norbert Muller Cup (Division C)"]
[Site "Woodvale, Perth WA AUS"]
[Date "2023.11.08"]
[Round "5"]
[White "Akers, Gerard"]
[Black "Walker, Colin"]
[Result "1-0"]
[ECO "C41"]
[WhiteElo "1562"]
[BlackElo "1461"]
[PlyCount "51"]
[EventDate "2023.10.11"]
[EventType "tourn"]
[EventRounds "7"]
[EventCountry "AUS"]
[TimeControl "3600+30"]

1. e4 e5 2. Nf3 d6 3. h3 Be6 4. d4 exd4 5. Nxd4 Qf6 6. Nc3 a6 7. Be3 Nd7 8. Qd2
h6 9. f4 Nc5 10. b4 Na4 11. Nxa4 c5 12. bxc5 dxc5 13. e5 Qd8 14. Nxe6 Qxd2+ 15.
Kxd2 fxe6 16. Nxc5 Bxc5 17. Bxc5 Rc8 18. Bd6 Rd8 19. Bd3 Ne7 20. Bxe7 Kxe7 21.
Rab1 Rd7 22. Rb6 Rf8 23. Ke3 g5 24. g3 gxf4+ 25. gxf4 Rg8 26. Kf3 1-0

[Event "2023 Norbert Muller Cup (Division C)"]
[Site "Woodvale, Perth WA AUS"]
[Date "2023.11.08"]
[Round "5"]
[White "Brooke, John"]
[Black "Curtis, Calan"]
[Result "0-1"]
[ECO "C00"]
[WhiteElo "1462"]
[BlackElo "1431"]
[PlyCount "68"]
[EventDate "2023.10.11"]
[EventType "tourn"]
[EventRounds "7"]
[EventCountry "AUS"]
[TimeControl "3600+30"]

1. e4 e6 2. Nf3 d5 3. e5 c5 4. Bb5+ Nc6 5. O-O Qc7 6. Re1 Nge7 7. d3 a6 8.
Bxc6+ Nxc6 9. Bf4 Bd7 10. Nbd2 Be7 11. c3 Rc8 12. Bg3 d4 13. c4 Nb4 14. Ne4 Bc6
15. a3 Bxe4 16. dxe4 Nc6 17. Qd3 g5 18. h3 h5 19. Nh2 h4 20. Nf1 hxg3 21. Nxg3
Nxe5 22. Qe2 Rd8 23. b3 Bd6 24. Nh5 g4 25. Nf6+ Ke7 26. Nxg4 Nxg4 27. Qxg4 Rdg8
28. Qf3 Bh2+ 29. Kf1 Qf4 30. Qd3 Rg3 31. Qc2 Rhg8 32. f3 Rxf3+ 33. gxf3 Qxf3+
34. Qf2 Rg1# 0-1

[Event "2023 Norbert Muller Cup (Division D)"]
[Site "Woodvale, Perth WA AUS"]
[Date "2023.11.08"]
[Round "5"]
[White "Bordas, Lindsay"]
[Black "Gough, Sebastian"]
[Result "0-1"]
[ECO "C55"]
[WhiteElo "1196"]
[BlackElo "1058"]
[PlyCount "114"]
[EventDate "2023.10.11"]
[EventType "swiss"]
[EventRounds "7"]
[EventCountry "AUS"]
[TimeControl "3600+30"]

1. e4 Nf6 2. Nc3 Nc6 3. Nf3 e5 4. Bc4 Bc5 5. Ng5 Qe7 6. Bxf7+ Kf8 7. Bc4 Nd8 8.
Qf3 h6 9. Nd5 Qd6 10. Nxf6 Qxf6 11. Qxf6+ gxf6 12. Nf3 c6 13. O-O b5 14. Be2
Ne6 15. c3 Bb7 16. d4 exd4 17. cxd4 Bxd4 18. e5 Bxe5 19. Nxe5 fxe5 20. Be3 d5
21. Bg4 Ke7 22. Rac1 h5 23. Bh3 Kd6 24. b4 a5 25. Bc5+ Nxc5 26. bxc5+ Kc7 27.
Rfe1 e4 28. Re3 Rhg8 29. f3 Rae8 30. fxe4 dxe4 31. Bf5 Rg5 32. Rxe4 Rxe4 33.
Bxe4 Rg4 34. Bf3 Ra4 35. Bxh5 Rxa2 36. g4 Bc8 37. g5 Be6 38. Re1 Bd5 39. Re7+
Kd8 40. Re8+ Kd7 41. Rh8 Rg2+ 42. Kf1 Rxg5 43. Rh7+ Kc8 44. Be2 Bg2+ 45. Ke1
Rxc5 46. Bg4+ Kb8 47. Rh6 Rg5 48. Bd7 Kc7 49. Rh7 Kb6 50. h4 Rg8 51. Rh6 Rd8
52. Rh7 a4 53. Rg7 Bf3 54. Rf7 Bh5 55. Rh7 a3 56. Be6 Re8 57. Rh6 Bg4 0-1

[Event "2023 Norbert Muller Cup (Division D)"]
[Site "Woodvale, Perth WA AUS"]
[Date "2023.11.08"]
[Round "5"]
[White "Powell, Darren"]
[Black "Porteus, Grant"]
[Result "1-0"]
[ECO "B10"]
[WhiteElo "1336"]
[BlackElo "1431"]
[PlyCount "63"]
[EventDate "2023.10.11"]
[EventType "swiss"]
[EventRounds "7"]
[EventCountry "AUS"]
[TimeControl "3600+30"]

1. e4 c6 2. d3 e5 3. Nf3 Qc7 4. b3 d5 5. Nbd2 Bg4 6. Be2 Nd7 7. a3 Ngf6 8. h3
Bh5 9. Bb2 Bd6 10. c4 d4 11. b4 c5 12. Qb3 cxb4 13. axb4 a5 14. c5 Be7 15. Ng5
O-O 16. Bxh5 Nxh5 17. Ngf3 axb4 18. O-O Nxc5 19. Qc4 Nf4 20. Ne1 Rxa1 21. Bxa1
Ra8 22. Bb2 Qa5 23. Nb3 Nxb3 24. Qxb3 Qa4 25. Qxa4 Rxa4 26. f3 Ne2+ 27. Kf2 Nc3
28. Kg3 Ra2 29. Rf2 Nd1 30. Rc2 Rxb2 31. Rc7 Kf8 32. Rc8+ 1-0

[Event "2023 Norbert Muller Cup (Division D)"]
[Site "Woodvale, Perth WA AUS"]
[Date "2023.11.08"]
[Round "5"]
[White "Dawoud, Ahmad"]
[Black "Lanham, Bruce"]
[Result "1/2-1/2"]
[ECO "D35"]
[WhiteElo "966"]
[BlackElo "1215"]
[PlyCount "50"]
[EventDate "2023.10.11"]
[EventType "swiss"]
[EventRounds "7"]
[EventCountry "AUS"]
[TimeControl "3600+30"]

1. d4 d5 2. c4 e6 3. Nc3 Nf6 4. Bf4 dxc4 5. e4 c5 6. e5 Nd5 7. Nxd5 exd5 8. Be2
b6 9. Bf3 Be6 10. Ne2 Nc6 11. O-O Be7 12. Be3 cxd4 13. Bxd4 Nxd4 14. Nxd4 Qd7
15. Nxe6 fxe6 16. Qd4 O-O 17. Qg4 Rad8 18. Rad1 b5 19. Be4 Qc6 20. Bc2 a5 21.
Qh3 g6 22. Rc1 Qb6 23. Qh6 Qd4 24. Bxg6 hxg6 25. Qxg6+ Kh8 1/2-1/2

[Event "2023 Norbert Muller Cup (Division D)"]
[Site "Woodvale, Perth WA AUS"]
[Date "2023.11.08"]
[Round "5"]
[White "Markou, Victor"]
[Black "Owen, Geoffrey"]
[Result "0-1"]
[ECO "C40"]
[WhiteElo "1042"]
[BlackElo "1120"]
[PlyCount "70"]
[EventDate "2023.10.11"]
[EventType "swiss"]
[EventRounds "7"]
[EventCountry "AUS"]
[TimeControl "3600+30"]

1. e4 e5 2. Nf3 Nc6 3. d3 f5 4. g3 Nf6 5. Nbd2 Be7 6. Bg2 d6 7. O-O O-O 8. Re1
f4 9. Nf1 Ng4 10. d4 fxg3 11. fxg3 h5 12. Ne3 h4 13. Nf1 Qd7 14. h3 Nf6 15.
Nxh4 exd4 16. Nf5 Ne5 17. Nxe7+ Qxe7 18. Qxd4 Bxh3 19. Bxh3 Nf3+ 20. Kf2 Nxd4
21. Ne3 Ng4+ 22. Kg1 Nf3+ 23. Kf1 Nxe1+ 24. Kxe1 Qxe4 25. Bxg4 Qh1+ 26. Kd2
Rf2+ 27. Kc3 Qc6+ 28. Nc4 b5 29. Be6+ Kf8 30. Be3 Re2 31. Rf1+ Ke7 32. Kd3 Kxe6
33. Kxe2 Qxc4+ 34. Ke1 Qxc2 35. Bd4 Qe4+ 0-1

[Event "2023 Norbert Muller Cup (Division D)"]
[Site "Woodvale, Perth WA AUS"]
[Date "2023.11.08"]
[Round "5"]
[White "May, Wendy"]
[Black "Overste, Brian"]
[Result "0-1"]
[ECO "C44"]
[WhiteElo "875"]
[BlackElo "998"]
[PlyCount "48"]
[EventDate "2023.10.11"]
[EventType "swiss"]
[EventRounds "7"]
[EventCountry "AUS"]
[TimeControl "3600+30"]

1. e4 e5 2. Nf3 Nc6 3. d4 d5 4. dxe5 dxe4 5. Nfd2 Qd5 6. Bc4 Qxe5 7. O-O Bd6 8.
g3 b5 9. Be2 Nf6 10. Nc3 Bh3 11. Re1 O-O 12. a3 a6 13. a4 b4 14. Na2 e3 15. Nf3
exf2+ 16. Kxf2 Ne4+ 17. Kg1 Bc5+ 18. Qd4 Bxd4+ 19. Nxd4 Qxd4+ 20. Be3 Qxe3+ 21.
Kh1 Nf2+ 22. Kg1 Nd3+ 23. Kh1 Qe4+ 24. Kg1 Qg2# 0-1

[Event "2023 Norbert Muller Cup (Division A)"]
[Site "Woodvale, Perth WA AUS"]
[Date "2023.11.15"]
[Round "6"]
[White "Maris, Rob"]
[Black "Wolstencroft, Alan"]
[Result "0-1"]
[ECO "A25"]
[WhiteElo "2099"]
[BlackElo "1865"]
[PlyCount "70"]
[EventDate "2023.10.11"]
[EventType "tourn"]
[EventRounds "7"]
[EventCountry "AUS"]
[TimeControl "3600+30"]

1. c4 e5 2. Nc3 Nc6 3. g3 g6 4. Bg2 Bg7 5. Rb1 f5 6. b4 d6 7. b5 Nce7 8. e3 Nf6
9. d4 O-O 10. Nf3 e4 11. Nd2 Kh8 12. Ba3 h6 13. f3 exf3 14. Bxf3 c6 15. Qb3 Be6
16. d5 cxd5 17. cxd5 Bg8 18. O-O Rc8 19. Rbc1 h5 20. Rfd1 Qb6 21. Na4 Qd8 22.
Rxc8 Nxc8 23. Nc4 Ng4 24. Nab2 h4 25. Nd3 hxg3 26. hxg3 Qg5 27. Nf4 Re8 28. Kg2
Be5 29. Bxg4 Qxg4 30. Rh1+ Kg7 31. Rh4 Bxd5+ 32. Kh2 Qf3 33. e4 Qf2+ 34. Kh3
Qf1+ 35. Ng2 Qh1# 0-1

[Event "2023 Norbert Muller Cup (Division A)"]
[Site "Woodvale, Perth WA AUS"]
[Date "2023.11.15"]
[Round "6"]
[White "Curthoys, Edward"]
[Black "Janceski, Alex"]
[Result "1-0"]
[ECO "D51"]
[WhiteElo "1934"]
[BlackElo "1878"]
[PlyCount "107"]
[EventDate "2023.10.11"]
[EventType "tourn"]
[EventRounds "7"]
[EventCountry "AUS"]
[TimeControl "3600+30"]

1. d4 d5 2. c4 e6 3. Nc3 Nf6 4. Bg5 Nbd7 5. e3 c6 6. a3 Be7 7. Nf3 h6 8. Bh4
dxc4 9. Bxc4 Nd5 10. Bxe7 Qxe7 11. Qc2 N7b6 12. Ba2 Bd7 13. O-O Rc8 14. b4 Nxc3
15. Qxc3 Nd5 16. Qd2 Nf6 17. Rfe1 a5 18. e4 O-O 19. d5 cxd5 20. exd5 Qd6 21.
dxe6 Qxd2 22. exf7+ Kh8 23. Nxd2 axb4 24. axb4 Rc2 25. Nc4 Rc3 26. Ne5 Bf5 27.
f3 g5 28. g4 Bh7 29. Rad1 Kg7 30. Rd6 Rc7 31. Red1 Re7 32. Re6 Rc7 33. Rxf6
Kxf6 34. Nd7+ Rxd7 35. Rxd7 Bg6 36. Rxb7 Rd8 37. Ra7 Kg7 38. b5 Rb8 39. Bc4 Rc8
40. Bd5 Rb8 41. Rb7 Rd8 42. Be6 Kf6 43. Bb3 Kg7 44. b6 Rd6 45. Rb8 Bxf7 46. Rb7
Kg6 47. Bxf7+ Kf6 48. Bc4 Rd4 49. Be2 Rd2 50. Kf2 Rb2 51. Rb8 Kf7 52. b7 Kg7
53. Ke3 Rb4 54. Ba6 1-0

[Event "2023 Norbert Muller Cup (Division A)"]
[Site "Woodvale, Perth WA AUS"]
[Date "2023.11.22"]
[Round "6"]
[White "Gibson, Jacob"]
[Black "Saxon, Marc"]
[Result "1-0"]
[ECO "B36"]
[WhiteElo "2018"]
[BlackElo "2047"]
[PlyCount "65"]
[EventDate "2023.10.11"]
[EventType "tourn"]
[EventRounds "7"]
[EventCountry "AUS"]
[TimeControl "3600+30"]

1. e4 c5 2. Nf3 g6 3. d4 cxd4 4. Nxd4 Nc6 5. c4 Nf6 6. Nc3 Nxd4 7. Qxd4 Bg7 8.
e5 Ng8 9. Bf4 d6 10. c5 Nh6 11. Bb5+ Bd7 12. Bxh6 Bxh6 13. e6 O-O 14. exd7 Bg7
15. Qb4 dxc5 16. Qxc5 Qa5 17. a4 a6 18. b4 Qd8 19. Be2 Qxd7 20. Rd1 Qe6 21. Nd5
Rad8 22. Ne3 Qb3 23. O-O Rc8 24. Qxe7 Rfe8 25. Bc4 Rxe7 26. Bxb3 Bh6 27. Nd5
Re2 28. Rfe1 Rxe1+ 29. Rxe1 Kf8 30. g3 Bg7 31. Kg2 Rc6 32. Re7 Rc3 33. Rxb7 1-0

[Event "2023 Norbert Muller Cup (Division A)"]
[Site "Woodvale, Perth WA AUS"]
[Date "2023.11.15"]
[Round "6"]
[White "Clarke, Daniel"]
[Black "Plaganyi, Gyula"]
[Result "0-1"]
[ECO "B01"]
[WhiteElo "1928"]
[BlackElo "1990"]
[BlackTitle "CM"]
[PlyCount "54"]
[EventDate "2023.10.11"]
[EventType "tourn"]
[EventRounds "7"]
[EventCountry "AUS"]
[TimeControl "3600+30"]

1. e4 d5 2. exd5 Nf6 3. d4 Bg4 4. Be2 Bxe2 5. Qxe2 Qxd5 6. Nf3 Nc6 7. O-O O-O-O
8. c3 e6 9. b4 Bd6 10. a4 Rhe8 11. Rd1 Qh5 12. Qb5 e5 13. h3 a6 14. Qf1 e4 15.
Nh2 Nd5 16. b5 Nb8 17. c4 Nb4 18. Ng4 f5 19. Ne3 f4 20. Ng4 Qf7 21. c5 Nc2 22.
Ra2 Qxa2 23. cxd6 Rxd6 24. Bxf4 Rxd4 25. Rxd4 Nxd4 26. Nc3 Qc2 27. Nd1 Ne2+ 0-1

[Event "2023 Norbert Muller Cup (Division B)"]
[Site "Woodvale, Perth WA AUS"]
[Date "2023.11.15"]
[Round "6"]
[White "Weijermars, Tristan"]
[Black "Oswald, Franz"]
[Result "0-1"]
[ECO "D38"]
[WhiteElo "1575"]
[BlackElo "1678"]
[PlyCount "54"]
[EventDate "2023.10.11"]
[EventType "tourn"]
[EventRounds "7"]
[EventCountry "AUS"]
[TimeControl "3600+30"]

1. d4 Nf6 2. c4 e6 3. Nc3 Bb4 4. Nf3 d5 5. Bg5 Bxc3+ 6. bxc3 O-O 7. e3 c6 8.
cxd5 cxd5 9. Qc2 Nbd7 10. c4 Qa5+ 11. Nd2 Ne4 12. Bf4 Qxd2+ 13. Qxd2 Nxd2 14.
Kxd2 Nf6 15. f3 b6 16. Rc1 Ba6 17. c5 Bxf1 18. Rhxf1 bxc5 19. Rxc5 Nd7 20. Rc7
Nb6 21. Rb1 Rfc8 22. Kd3 Rxc7 23. Bxc7 Nc4 24. e4 a6 25. exd5 exd5 26. Rb7 h6
27. Bb6 Re8 0-1

[Event "2023 Norbert Muller Cup (Division B)"]
[Site "Woodvale, Perth WA AUS"]
[Date "2023.11.15"]
[Round "6"]
[White "Gough, Dylan"]
[Black "Balavignan, Ashvin"]
[Result "1/2-1/2"]
[ECO "D45"]
[WhiteElo "1823"]
[BlackElo "1683"]
[PlyCount "67"]
[EventDate "2023.10.11"]
[EventType "tourn"]
[EventRounds "7"]
[EventCountry "AUS"]
[TimeControl "3600+30"]

1. d4 d5 2. c4 c6 3. e3 Nf6 4. Nf3 e6 5. Nc3 Nbd7 6. cxd5 exd5 7. Bd3 Bd6 8.
O-O O-O 9. Bd2 Re8 10. Qc2 Nf8 11. h3 Bd7 12. Rfe1 Ng6 13. e4 dxe4 14. Nxe4
Nxe4 15. Bxe4 Qc7 16. Bxg6 hxg6 17. Qc3 a5 18. Rxe8+ Bxe8 19. Re1 Bd7 20. a3
Be6 21. Ne5 a4 22. Nxg6 Bd5 23. Ne5 Qc8 24. Nc4 Bc7 25. Ne5 Qf5 26. Qd3 Qh5 27.
Qe2 Qf5 28. Bc3 Re8 29. Qg4 Qxg4 30. Nxg4 Rxe1+ 31. Bxe1 Bf4 32. Ne3 Bxe3 33.
fxe3 f5 34. g4 1/2-1/2

[Event "2023 Norbert Muller Cup (Division B)"]
[Site "Woodvale, Perth WA AUS"]
[Date "2023.11.15"]
[Round "6"]
[White "Leonhardt, Wolfgang"]
[Black "Bhatia, Abhay"]
[Result "1-0"]
[ECO "D38"]
[WhiteElo "1760"]
[BlackElo "1745"]
[PlyCount "51"]
[EventDate "2023.10.11"]
[EventType "tourn"]
[EventRounds "7"]
[EventCountry "AUS"]
[TimeControl "3600+30"]

1. d4 d5 2. c4 e6 3. Nc3 Nf6 4. Nf3 Bb4 5. a3 Bxc3+ 6. bxc3 Ne4 7. Bb2 dxc4 8.
e3 b5 9. a4 c6 10. Nd2 Nd6 11. g3 Bb7 12. Bg2 Nd7 13. O-O O-O 14. Ba3 Qc7 15.
axb5 cxb5 16. Bxd6 Qxd6 17. Bxb7 Rab8 18. Bg2 a6 19. Ne4 Qe7 20. Rxa6 e5 21.
Ra7 Qd8 22. Qa1 exd4 23. exd4 Nb6 24. Nc5 Qc8 25. Re1 Qf5 26. Rae7 1-0

[Event "2023 Norbert Muller Cup (Division C)"]
[Site "Woodvale, Perth WA AUS"]
[Date "2023.11.15"]
[Round "6"]
[White "Hintz, Steven"]
[Black "Curtis, Calan"]
[Result "1-0"]
[ECO "C12"]
[WhiteElo "1553"]
[BlackElo "1431"]
[PlyCount "93"]
[EventDate "2023.10.11"]
[EventType "tourn"]
[EventRounds "7"]
[EventCountry "AUS"]
[TimeControl "3600+30"]

1. d4 e6 2. e4 d5 3. Nc3 Nf6 4. Bg5 Bb4 5. e5 h6 6. Bh4 g5 7. Bg3 Ne4 8. Qd3 h5
9. f3 h4 10. Bf2 Nxf2 11. Kxf2 Nc6 12. a3 Bxc3 13. Qxc3 Ne7 14. Qd2 Nf5 15. Ne2
c6 16. g4 hxg3+ 17. Nxg3 Nxg3 18. Kxg3 g4 19. fxg4 Qh4+ 20. Kf3 f6 21. Qf2 Qh6
22. Qe3 Qg7 23. h4 fxe5 24. Qxe5 Rf8+ 25. Kg3 Qf7 26. Qe3 Bd7 27. Bd3 O-O-O 28.
Raf1 Qg7 29. Rxf8 Rxf8 30. Qe5 Qg8 31. Rf1 Rxf1 32. Bxf1 Be8 33. Bd3 Bg6 34.
Bxg6 Qxg6 35. Qe2 Kd7 36. h5 Qh7 37. c3 Ke7 38. Qf2 Qd3+ 39. Qf3 Qc2 40. Qf2
Qd3+ 41. Kh4 Qd1 42. Kg5 Qc1+ 43. Kg6 Qb1+ 44. Kg7 Qe4 45. g5 Qg4 46. Qf6+ Kd7
47. h6 1-0